 Dungeon Crawl Stone Soup version 0.17-a0-1880-gacf7e67 (webtiles) character file.

51 mcbry74 the Charlatan (level 4, 0/28 HPs)
             Began as a Halfling Artificer on Sept 21, 2015.
             Slain by an adder (3 damage)
             ... on level 2 of the Dungeon.
             The game lasted 00:15:09 (1986 turns).

mcbry74 the Charlatan (Halfling Artificer)          Turns: 1986, Time: 00:15:09

Health: 0/28       AC:  3    Str: 12    XL:     4   Next: 5%
Magic:  6/6        EV: 15    Int: 11    God:
Gold:   25         SH:  0    Dex: 14    Spells: 0 memorised, 3 levels left

rFire  . . .     SeeInvis .     i - -2 short sword (curse)
rCold  . . .     Clarity  .     b - +0 leather armour
rNeg   . . .     SustAt   .     (shield restricted)
rPois  .         Gourm    .     (no helmet)
rElec  .         Spirit   .     (no cloak)
rCorr  .         Warding  .     (no gloves)
rMut   .         Stasis   .     (no boots)
MR     .....                    (no amulet)
Stlth  ++........               (no ring)
                                (no ring)

@: lethally poisoned (0 -> -5), not resistant to hostile enchantments,
unstealthy
A: mutation resistance 1
a: no special abilities


You were on level 2 of the Dungeon.
You were not hungry.

You visited 1 branch of the dungeon, and saw 2 of its levels.

You collected 25 gold pieces.

Inventory:

Hand weapons
 a - a +0 short sword
 i - a cursed -2 short sword (weapon)
 o - a +0 hunting sling
Armour
 b - a +0 leather armour (worn)
Magical devices
 c - a wand of flame (8)
 d - a wand of enslavement (5)
 e - a wand of random effects (6)
Scrolls
 n - a scroll of fog
Potions
 h - a potion of invisibility {unknown}
 j - a potion of flight {unknown}
 k - a potion of curing {unknown}
 p - 2 potions of might {unknown}
Comestibles
 f - 3 bread rations
 m - a beef jerky


   Skills:
 + Level 1.0 Fighting
 + Level 1.5 Short Blades
 + Level 1.0 Armour
 + Level 2.9 Dodging
 + Level 1.3 Stealth
 + Level 3.9 Evocations


You had 3 spell levels left.
You didn't know any spells.

Dungeon Overview and Level Annotations

Branches:
Dungeon (2/15)

Altars:
Dithmenos


Innate Abilities, Weirdness & Mutations

You are small and have problems with some larger weapons.
You are somewhat resistant to further mutation.


Message History

Something barely misses you.
Evoke which item? (* to show all) (? for menu, Esc to quit)
Zapping:
c - a wand of flame (9)
Press: ? - help, Shift-Dir - straight line This wand has 8 charges left.
Something barely misses you. Something bites you.
You are more poisoned.
Something poisons you!
You miss something.
You feel sick. Something bites you but does no damage.
You closely miss something. Something barely misses you.
You closely miss something.
You feel sick. Something bites you.
* * * LOW HITPOINT WARNING * * *
Something bites you.
* * * LOW HITPOINT WARNING * * *
You miss something. Something bites you.
* * * LOW HITPOINT WARNING * * *
You barely miss something.
* * * LOW HITPOINT WARNING * * *
You feel sick. Something bites you but does no damage. Something bites you.
You die...

...########.##.....#
###................#
....####.##.##.#.###
......##.#####....###
#.#.#.##.# #......#
.... ......##.#
#....#.# ...
#......#.# #.#.##.#
... .#########
...#.##.## ... .#
#>## #.####@#.#.##
#.# .# ..8##.
#..###.# #.# .# ..##
.. ###.#.##########.#
.# ..8 #.#
##............$. .#
#.# #.#########...#
.##8...8# #.# #.#
#.### .##.....## #.#
#.# ####.###
.#8.....8 #.# #.#
#....... ##
.....####.######.#
#.##.##.


There were no monsters in sight!

Vanquished Creatures
  A gnoll (D:1)
  An adder (D:2)
  A giant gecko (D:1)
  2 giant cockroaches
  3 goblins
  6 hobgoblins
  2 jackals (D:1)
  2 kobolds (D:1)
  5 bats
  A giant newt (D:2)
  4 rats
28 creatures vanquished.

Vanquished Creatures (collateral kills)
  A giant gecko (D:1)
  A hobgoblin (D:2)
  A bat (D:2)
  A giant cockroach (D:1)
  A giant newt (D:1)
5 creatures vanquished.

Grand Total: 33 creatures vanquished

Notes
Turn   | Place    | Note
--------------------------------------------------------------
     0 | D:1      | mcbry74 the Halfling Artificer began the quest for the Orb.
     0 | D:1      | Reached XP level 1. HP: 12/12 MP: 3/3
   164 | D:1      | Reached XP level 2. HP: 18/18 MP: 4/4
   226 | D:1      | Reached skill level 1 in Fighting
   727 | D:1      | Reached XP level 3. HP: 23/23 MP: 5/5
  1122 | D:2      | Reached skill level 1 in Armour
  1459 | D:2      | Found a shadowy altar of Dithmenos.
  1743 | D:2      | Reached XP level 4. HP: 28/28 MP: 6/6
  1986 | D:2      | Slain by an adder

Vault maps used:
D:1:      minmay_arrival_radiant_lines
D:2:      nicolae_overflow_hidden_temple, first_bread

Action                   |  1- 3 |  4- 6 || total
-------------------------+-------+-------++-------
Melee: Short sword       |    93 |    25 ||   118
Evoke: Wand              |    19 |     7 ||    26
  Use: Scroll            |     6 |       ||     6
       Potion            |       |     1 ||     1
 Stab: Sleeping          |     3 |       ||     3
  Eat: Chunk             |     2 |     1 ||     3
